 Dungeon Crawl Stone Soup version 0.23.2-1-ga50397a (webtiles) character file.

Game seed: 14784889941230387914

19926 Fang the Fighter (level 12, -7/80 HPs)
             Began as a Gargoyle Berserker on Apr 25, 2019.
             Was a High Priest of Trog.
             Mangled by a yak (10 damage)
             ... on level 2 of the Lair of Beasts.
             The game lasted 00:17:49 (16177 turns).

Fang the Fighter (Gargoyle Berserker)              Turns: 16177, Time: 00:17:50

Health: -7/80      AC: 16    Str: 27    XL:     12   Next: 74%
Magic:  12/12      EV: 18    Int:  9    God:    Trog [*****.]
Gold:   798        SH:  4    Dex: 15    Spells: 11/11 levels left

rFire    . . .     SeeInvis .   n - +2 hand axe (chop)
rCold    . . .     Gourm    .   (no shield)
rNeg     + . .     Faith    .   C - +3 leather armour of Mekh {rPois MR- Str+2 Dex+6}
rPois    ∞         Spirit   .   (no helmet)
rElec    +         Reflect  +   (no cloak)
rCorr    .         Harm     .   (no gloves)
MR       +....                  (no boots)
Stlth    +.........             z - +4 amulet of reflection
HPRegen  1.23/turn              (no ring)
MPRegen  0.13/turn              t - ring of flight

@: regenerating
A: negative energy resistance 1, electricity resistance, unbreathing,
petrification resistance, rot immunity, AC +8
a: Berserk, Trog's Hand, Brothers in Arms, Renounce Religion, Evoke Flight


You were on level 2 of the Lair of Beasts.
You worshipped Trog.
Trog was extremely pleased with you.
You were very hungry.

You visited 3 branches of the dungeon, and saw 15 of its levels.
You also visited: Sewer.

You collected 798 gold pieces.

Inventory:

Hand Weapons
 a - a +0 hand axe
 n - a +2 hand axe of chopping (weapon)
 F - the +12 war axe of the Valley of Death {vamp, rPois Str+2, unknown}
   (You found it on level 12 of the Dungeon)

   It inflicts no extra harm, but heals its wielder when it wounds a living foe.
   It affects your strength (+2).
   It protects you from poison.
Armour
 b - a +0 plate armour
 C - the +3 leather armour of Mekh (worn) {rPois MR- Str+2 Dex+6}
   (You found it on level 10 of the Dungeon)

   It affects your strength (+2).
   It affects your dexterity (+6).
   It protects you from poison.
   It affects your resistance to hostile enchantments.
Jewellery
 t - a ring of flight (right hand)
 z - a +4 amulet of reflection (around neck)
Wands
 j - a wand of flame (9)
 p - a wand of random effects (29)
 v - a wand of enslavement (8)
 x - a wand of clouds (6)
 y - a wand of digging (12)
 A - a wand of polymorph (16)
 D - a wand of iceblast (6)
Scrolls
 i - 5 scrolls of teleportation
 o - 5 scrolls of identify
 r - 4 scrolls of fear {unknown}
 s - a scroll of immolation {unknown}
 w - 5 scrolls of enchant armour {unknown}
 B - 2 scrolls of holy word {unknown}
 E - a scroll of fog {unknown}
 G - 3 scrolls of amnesia {unknown}
 J - a scroll of torment {unknown}
 K - 2 scrolls of blinking {unknown}
 L - 2 scrolls of remove curse
 N - a scroll of magic mapping {unknown}
Potions
 d - 4 potions of might
 e - 2 potions of invisibility
 f - 8 potions of curing
 g - 4 potions of agility
 h - 2 potions of berserk rage
 k - 3 potions of flight
 l - 2 potions of cancellation
 m - 3 potions of heal wounds
 q - 2 potions of lignification
 u - 3 potions of haste
 H - a potion of ambrosia
 M - a potion of resistance
Comestibles
 c - 28 rations
 I - 8 chunks of flesh


   Skills:
 + Level 11.7 Fighting
 + Level 10.0 Axes
 + Level 11.5 Armour
 + Level 9.0 Dodging


You had 11 spell levels left.
You didn't know any spells.
Your spell library was empty.

Dungeon Overview and Level Annotations

Branches:
Dungeon (12/15)            Temple (1/1) D:4            Lair (2/6) D:8
    Orc (0/2) D:11
  Swamp: Lair:2-4    Shoals: Lair:2-4     Snake: Lair:2-4    Spider: Lair:2-4

Altars:
Ashenzari
Cheibriados
Dithmenos
Fedhas
Hepliaklqana
Kikubaaqudgha
Makhleb
Okawaru
Ru
Uskayaw
Zin

Shops:
D:6 =   D:7 [(

Annotations:
D:5 1 runed translucent door
D:11 3 runed translucent doors, WaifuGate's ghost, journeyman MfGl


Innate Abilities, Weirdness & Mutations

You are resistant to torment.
Your stone body is resilient. (AC +8)
You are immune to poison.
You resist negative energy. (rN+)
You are resistant to electric shocks. (rElec)
You can survive without breathing.
You are immune to petrification.
You are immune to rotting.


Message History

The 12-headed hydra closely misses you.
The 12-headed hydra bites you but does no damage.
The 12-headed hydra barely misses you. The yak gores you!
* * * LOW HITPOINT WARNING * * *
The yak completely misses you.
Things that are here:
a yak corpse x2
You swap places.
Your ogre hits the 12-headed hydra with a +0 giant club!!
The 12-headed hydra barely misses your ogre.
The 12-headed hydra bites your ogre! x2; The 12-headed hydra bites your ogre.
The 12-headed hydra bites your ogre!
Your ogre dies!
Your ogre's corpse disappears in a puff of smoke!
The yak closely misses you.
Your skin crawls.
You feel resistant to hostile enchantments.
You are feeling very hungry.
The yak gores you!
You die...

#.........$...#
#.............#
#.............#
##.............#
...............## ...
#...............# ..#
#......§.......#.#
..# #P.....§DY@.....#
#.# #.....#Y#.#######
... ##P......##
..+### ###..##..#####
.....# ####.#+.##P#
.....#####..........#
.....'.....÷P...#..##
.....#...÷...#...#.#
.....##P..#...#....#


You could see a 12-headed hydra and 2 yaks.

Vanquished Creatures
  Harold (D:7)
  3 two-headed ogres
  An unseen horror (D:12)
  2 ugly things
  A deep elf mage (D:12)
  A cyclops (D:12)
  A spiny frog (Lair:2)
  A kobold demonologist (D:10)
  A freezing wraith (D:12)
  3 komodo dragons
  A troll (D:12)
  A hornet (D:10)
  Grinder (D:3)
  3 hippogriffs
  Sigmund (D:2)
  3 wyverns
  2 wraiths (D:12)
  12 yaks
  A basilisk (Lair:2)
  A hungry ghost (D:12)
  Grum (D:9)
  A steam dragon (D:10)
  A soldier ant (D:12)
  Edmund (D:4)
  4 water moccasins
  A porcupine (Lair:1)
  2 orc warriors
  2 sky beasts
  2 phantoms
  A necrophage (D:6)
  An eye of draining (D:8)
  4 ice beasts
  3 ogres
  6 wolves
  22 centaurs
  4 crocodiles
  6 big kobolds
  5 bullfrogs
  3 gnoll sergeants
  A wyvern zombie (D:6)
  A scorpion (D:7)
  4 wights (D:8)
  A howler monkey (D:9)
  3 crimson imps
  2 bullfrog zombies
  A quasit (Sewer)
  A jelly (D:9)
  3 centaur skeletons
  5 iguanas
  4 orc priests
  Crazy Yiuf (D:3)
  6 hounds
  5 orc wizards
  2 bullfrog skeletons
  An iron imp (D:9)
  Natasha (thrice) (D:2)
  5 worker ants
  2 big kobold zombies (Sewer)
  A hound zombie (D:10)
  2 worker ant zombies
  Robin (D:3)
  14 gnolls
  10 adders
  9 shadow imps
  An ufetubus (Sewer)
  A worm (D:4)
  A dart slug (D:1)
  2 leopard geckos
  37 orcs
  3 ball pythons
  A bat zombie (Sewer)
  14 giant cockroaches
  15 hobgoblins
  12 jackals
  30 kobolds
  8 bats
  10 frilled lizards
  14 goblins
  A jackal zombie (D:5)
  2 leopard gecko skeletons
  9 rats
  A plant (D:4)
361 creatures vanquished.

Vanquished Creatures (collateral kills)
  The ghost of Dordric the Severer, a journeyman DDMo of Makhleb (D:12)
  2 hydras (Lair:1)
  A hippogriff (Lair:1)
  A shadow (D:12)
  3 wraiths (D:12)
  2 yaks (Lair:2)
10 creatures vanquished.

Grand Total: 371 creatures vanquished

Notes
Turn   | Place    | Note
-------+----------+-------------------------------------------
     0 | D:1      | Fang the Gargoyle Berserker began the quest for the Orb.
     0 | D:1      | Reached XP level 1. HP: 14/14 MP: 1/1
   362 | D:1      | Reached XP level 2. HP: 19/19 MP: 2/2
   627 | D:1      | Reached ** piety under Trog
   937 | D:1      | Reached XP level 3. HP: 23/23 MP: 3/3
  1315 | D:2      | Noticed Natasha
  1326 | D:2      | Killed Natasha
  1326 | D:2      | Reached XP level 4. HP: 27/29 MP: 4/4
  1431 | D:2      | Noticed Natasha
  1437 | D:2      | Killed Natasha
  1481 | D:2      | Noticed Natasha
  1498 | D:2      | Killed Natasha
  1712 | D:2      | Noticed Sigmund
  1718 | D:2      | Killed Sigmund
  1718 | D:2      | Reached XP level 5. HP: 34/34 MP: 5/5
  1718 | D:2      | Reached XP level 6. HP: 39/39 MP: 6/6
  2217 | D:2      | Found a hide-covered altar of Uskayaw.
  2219 | D:2      | Noticed a +0 dagger
  2219 | D:2      | Noticed a +0 hand axe
  2378 | D:3      | Found a runed translucent door.
  2379 | D:3      | Noticed Crazy Yiuf
  2426 | D:3      | Found a glowing drain.
  2464 | Sewer    | Entered a sewer
  2667 | Sewer    | Reached *** piety under Trog
  2766 | Sewer    | Reached skill level 5 in Fighting
  2766 | Sewer    | Reached XP level 7. HP: 11/44 MP: 7/7
  2877 | Sewer    | Found a burning altar of Makhleb.
  3189 | Sewer    | Lost dexterity.
  3842 | D:3      | Noticed Robin
  3855 | D:3      | Killed Robin
  3855 | D:3      | Reached **** piety under Trog
  4080 | D:3      | Noticed Grinder
  4082 | D:3      | Paralysed by Grinder for 6 turns
  4110 | D:3      | Paralysed by Grinder for 3 turns
  4250 | D:3      | Killed Grinder
  4250 | D:3      | Reached skill level 5 in Armour
  4793 | D:3      | Reached XP level 8. HP: 51/51 MP: 8/8
  4914 | D:3      | Killed Crazy Yiuf
  5064 | D:4      | Noticed Edmund
  5091 | D:4      | Killed Edmund
  5091 | D:4      | Reached skill level 5 in Axes
  5332 | D:4      | Found a staircase to the Ecumenical Temple.
  5364 | Temple   | Entered the Ecumenical Temple
  5804 | D:5      | Entered Level 5 of the Dungeon
  6113 | D:5      | Found a glowing silver altar of Zin.
  6114 | D:5      | Found a runed translucent door.
  6114 | D:5      | Noticed an angel
  7159 | D:6      | Noticed a yak
  7160 | D:6      | Noticed a yak
  7160 | D:6      | Noticed a yak
  7161 | D:6      | Found Ruzxuff's Jewellery Boutique.
  7167 | D:6      | Killed a yak
  7167 | D:6      | Reached XP level 9. HP: 56/56 MP: 9/9
  7171 | D:6      | Reached skill level 5 in Dodging
  7902 | D:7      | Found Yrioteapp's Antique Armour Boutique.
  7903 | D:7      | Found Ushryxef's Antique Weapon Boutique.
  8232 | D:8      | Noticed Harold
  8264 | D:7      | Killed Harold
  8451 | D:8      | Reached XP level 10. HP: 49/64 MP: 10/10
  8507 | D:8      | Reached ***** piety under Trog
  8720 | D:8      | Found a shadowy altar of Dithmenos.
  9040 | D:8      | Found a staircase to the Lair.
  9096 | D:8      | Found an ancient bone altar of Kikubaaqudgha.
  9096 | D:8      | Found a burning altar of Makhleb.
  9096 | D:8      | Found an iron altar of Okawaru.
  9232 | D:9      | Noticed a two-headed ogre
  9244 | D:9      | Killed a two-headed ogre
  9660 | D:9      | Found a snail-covered altar of Cheibriados.
  9768 | D:9      | Received a gift from Trog
  9773 | D:9      | Noticed a two-headed ogre
  9776 | D:9      | Found a hazy altar of Hepliaklqana.
  9789 | D:9      | Killed a two-headed ogre
  9789 | D:9      | Reached XP level 11. HP: 6/71 MP: 11/11
 10566 | D:9      | Noticed Grum
 10588 | D:9      | Killed Grum
 10779 | D:10     | Entered Level 10 of the Dungeon
 10806 | D:10     | Got a scorched leather armour
 10817 | D:10     | Identified the +3 leather armour of Mekh {rPois MR- Str+2
                  | Dex+6} (You found it on level 10 of the Dungeon)
 11282 | D:10     | Reached skill level 10 in Fighting
 11518 | D:10     | HP: 2/72 [komodo dragon (21)]
 11980 | D:11     | Reached skill level 10 in Armour
 12274 | D:11     | Found a staircase to the Orcish Mines.
 12274 | D:11     | Noticed a cyan ugly thing
 12298 | D:11     | Killed a cyan ugly thing
 12540 | D:11     | Found a runed translucent gate.
 12540 | D:11     | Found a runed translucent gate.
 12540 | D:11     | Found a runed translucent gate.
 12540 | D:11     | Noticed WaifuGate's ghost (journeyman MfGl)
 12832 | D:12     | Received a gift from Trog
 12894 | D:12     | Noticed a two-headed ogre
 12908 | D:12     | Killed a two-headed ogre
 13128 | D:12     | Noticed a cyclops
 13146 | D:12     | Killed a cyclops
 13379 | D:12     | Reached XP level 12. HP: 65/79 MP: 12/12
 14273 | D:12     | Found a runed translucent gate.
 14273 | D:12     | Found a runed translucent gate.
 14273 | D:12     | Found a runed translucent gate.
 14275 | D:12     | Noticed Dordric's ghost (journeyman DDMo)
 14291 | D:12     | Killed Dordric's ghost
 14316 | D:12     | Got an encrusted war axe
 14780 | Lair:1   | Entered Level 1 of the Lair of Beasts
 15037 | Lair:1   | Found a gate leading to a gauntlet.
 15209 | Lair:1   | Noticed a six-headed hydra
 15214 | Lair:1   | Killed a six-headed hydra
 15329 | Lair:1   | Noticed a five-headed hydra
 15334 | Lair:1   | Killed a five-headed hydra
 15839 | Lair:2   | Reached skill level 10 in Axes
 16161 | Lair:2   | Noticed an eight-headed hydra
 16174 | Lair:2   | HP: 1/80 [yak (10)]
 16177 | Lair:2   | Mangled by a yak

Skill      XL: |  1  2  3  4  5  6  7  8  9 10 11 12 |
---------------+-------------------------------------+-----
Axes           | 3 4 5 6 8 9 10 | 10.0
Dodging        | 2 3 4 5 7 8 9 |  9.0
Fighting       | 4 5 6 8 9 10 11 | 11.7
Armour         | 3 4 5 6 7 9 10 11 | 11.5

Action                   |  1- 3 |  4- 6 |  7- 9 | 10-12 || total
-------------------------+-------+-------+-------+-------++-------
Melee: Hand axe          |   110 |   164 |   462 |   836 ||  1572
Invok: Berserk           |     1 |     3 |     8 |    11 ||    23
       Trog's Hand       |       |       |       |     3 ||     3
       Brothers in Arms  |       |       |       |     4 ||     4
  Use: Scroll            |       |       |     3 |    10 ||    13
 Stab: Sleeping          |       |       |       |     1 ||     1
  Eat: Chunk             |     1 |     9 |    17 |    28 ||    55
       Ration            |       |       |     3 |     3 ||     6
Armor: Animal skin       |    37 |    61 |   125 |       ||   223
       Chain mail        |       |       |   236 |   134 ||   370
       Leather armour    |       |       |       |   229 ||   229
Dodge: Dodged            |    73 |   109 |   272 |   616 ||  1070
Block: Other             |       |       |       |   133 ||   133
       Reflection        |       |       |       |     8 ||     8
